 Dungeon Crawl Stone Soup version 0.29-a0-338-g1ff7896281 (webtiles) character file.

Game seed: 9938643254483219944

15946 sammy202020 the Fighter (level 12, -4/100 HPs)
             Began as a Demonspawn Berserker on Apr 19, 2022.
             Was an Elder of Trog.
             Slain by an ice devil (9 damage)
             ... in an ice cave.
             The game lasted 00:26:15 (14897 turns).

sammy202020 the Fighter (Demonspawn Berserker)     Turns: 14897, Time: 00:26:15

Health: -4/100     AC: 39    Str: 20    XL:     12   Next: 5%
Magic:  12/12      EV:  8    Int: 11    God:    Trog [****..]
Gold:   460        SH:  0    Dex: 13    Spells: 11/11 levels left

rFire   + . .      SeeInvis .   y - +1 broad axe (protect)
rCold   + . .      Faith    .   (no shield)
rNeg    . . .      Spirit   .   l - +4 chain mail {rC+}
rPois   .          Reflect  .   r - +0 helmet
rElec   .          Harm     .   x - +2 cloak
rCorr   +          Rampage  .   (no gloves)
Will    .....                   j - +0 pair of boots
Stlth   ..........              (no amulet)
HPRegen 0.26/turn               n - ring of protection from fire
MPRegen 0.13/turn               i - ring of resist corrosion

@: sanguine armoured, under a protective aura, on berserk cooldown, slowed,
unable to read, very slow
A: demonic guardian 1, powered by pain 3, sanguine armour 3, demonic touch 1,
talons 1, inability to read while threatened
a: Renounce Religion, Berserk, Trog's Hand, Brothers in Arms


You were in an ice cave.
You worshipped Trog.
Trog was greatly pleased with you.
You visited 1 branch of the dungeon, and saw 11 of its levels.
You also visited: Sewer, Bailey and Ice Cave.

You collected 460 gold pieces.

Inventory:

Hand Weapons
 s - a +0 hunting sling
 t - a +8 flail of protection
 y - a +1 broad axe of protection (weapon)
 D - a +2 scimitar of flaming
Missiles
 c - 17 poisoned darts (quivered)
 o - a boomerang
 B - a curare-tipped dart
Armour
 j - a +0 pair of boots (worn)
 l - a +4 chain mail of cold resistance (worn)
 r - a +0 helmet (worn)
 x - a +2 cloak (worn)
 F - the +1 acid dragon scales of Yqysuiji {rF+ rCorr Dex+4}
   (You found it in a bailey)

   Dex:       It affects your dexterity (+4).
   rF:        It protects you from fire.
   rCorr:     It protects you from acid and corrosion.
Jewellery
 e - a +6 ring of strength
 i - a ring of resist corrosion (right hand)
 n - a ring of protection from fire (left hand)
Wands
 C - a wand of polymorph (11)
Scrolls
 a - a scroll of identify
 k - 6 scrolls of teleportation
 p - 3 scrolls of fog
 q - 2 scrolls of amnesia
 u - 3 scrolls of magic mapping
 v - 2 scrolls of fear
 w - 3 scrolls of enchant armour
 G - a scroll of blinking
Potions
 b - 5 potions of brilliance
 d - 7 potions of curing
 f - 4 potions of might
 g - 3 potions of flight
 h - 4 potions of attraction
 m - 2 potions of heal wounds
 z - a potion of lignification
 A - 2 potions of mutation
 E - a potion of haste


   Skills:
 * Level 11.1 Fighting
 * Level 10.2 Axes
 + Level 7.2 Armour
 - Level 1.7 Dodging
 * Level 9.6 Unarmed Combat


You had 11 spell levels left.
You didn't know any spells.
Your spell library was empty.

Dungeon Overview and Level Annotations

Branches:
Dungeon (11/15)            Temple (0/1) D:4            Lair (0/6) D:9
  Sewer (visited)          Bailey (visited)           IceCv (1/1)
    Orc: D:9-12

Altars:
Cheibriados
Kikubaaqudgha
Okawaru
Ru
Sif Muna
Zin


Innate Abilities, Weirdness & Mutations

A weak demonic guardian rushes to your aid.
You are powered by pain.
When seriously injured, your blood forms very thick armour. (AC +12)
Your touch may inflict minor irresistible damage on your foes.
You have sharp toenails.
You sometimes lose the ability to read scrolls when taking damage.


Message History

The ice devil barely misses you.
You slash the ice devil!
You touch the ice devil.
You punch the ice devil.
The ice devil is heavily wounded.
The ice devil barely misses you.
The ice devil hits you but does no damage.
You closely miss the ice devil.
The ice devil is moderately wounded.
The ice devil hits you. The ice devil freezes you! You resist.
You feel threatened and lose the ability to read scrolls!
* * * LOW HITPOINT WARNING * * *
The ice devil hits you but does no damage.
You barely miss the ice devil.
The ice devil is moderately wounded.
The ice devil hits you but does no damage.
You closely miss the ice devil.
The ice devil is moderately wounded.
You can read scrolls again.
The ice devil hits you.
You feel threatened and lose the ability to read scrolls!
* * * LOW HITPOINT WARNING * * *
The ice devil freezes you. You resist.
* * * LOW HITPOINT WARNING * * *
A demonic guardian appears!
The ice devil hits you but does no damage.
You hit the ice devil.
Your weapon exudes an aura of protection.
The ice devil is heavily wounded.
Your quasit bites the ice devil but does no damage.
Your quasit claws the ice devil.
Your quasit claws the ice devil but does no damage.
The ice devil hits you.
* * * LOW HITPOINT WARNING * * *
The ice devil freezes you. You resist.
* * * LOW HITPOINT WARNING * * *
Your quasit barely misses the ice devil.
Your quasit claws the ice devil but does no damage.
Your quasit claws the ice devil.
The ice devil hits you.
* * * LOW HITPOINT WARNING * * *
The ice devil freezes you! You resist.
You die...

#...# #...###
#...#.#
#+#...#'###
+.......'.#
#.8...8.###
+.......'.# #
###(8...8.###.#
'...(.....4@'.#
###.8...85###.#
#.'.......'.# #
###.8...8°###
#.'.......'.
######'######
.. ###


You could see an ice devil (ally target) and a friendly quasit (summoned).

Vanquished Creatures
  Snorg (D:10)
  Erica (D:9)
  4 two-headed ogres
  A tengu warrior (D:10)
  A deep elf pyromancer (D:8)
  2 ice statues (IceCv)
  A cane toad (shapeshifter) (D:11)
  3 kobold demonologists (D:10)
  Maggie (D:10)
  2 ice devils (IceCv)
  2 anaconda simulacra (IceCv)
  A troll (D:11)
  Grinder (D:6)
  Prince Ribbit (D:5)
  Sigmund (D:3)
  3 spriggans (Bailey)
  3 dire elephant simulacra (IceCv)
  3 wyverns
  5 yaks (D:10)
  3 steam dragons
  2 humans (D:8)
  Eustachio (D:4)
  A harpy simulacrum (IceCv)
  Menkaure (D:4)
  Edmund (D:5)
  Duvessa (D:4)
  2 water moccasins
  An orc warrior (D:6)
  A black bear (D:6)
  3 centaurs (D:8)
  7 ogres
  A phantom (D:5)
  4 bullfrogs
  2 kobold brigands
  A cane toad simulacrum (IceCv)
  2 scorpions
  Dowan (D:4)
  3 killer bees (D:4)
  A howler monkey (D:9)
  4 hounds
  3 gnoll shamans
  3 orc priests
  Crazy Yiuf (D:3)
  Terence (D:2)
  3 iguanas
  8 orc wizards
  A polar bear simulacrum (IceCv)
  A wolf simulacrum (IceCv)
  A mummy (D:4)
  Robin (D:3)
  13 gnolls
  4 river rats (Sewer)
  11 adders
  2 naga simulacra (IceCv)
  A shadow imp (D:5)
  6 white imps
  An ufetubus (D:4)
  A worm (D:2)
  5 dart slugs
  27 orcs
  4 endoplasms
  8 giant cockroaches
  6 hobgoblins
  9 quokkas
  9 ball pythons
  7 bats
  4 frilled lizards
  17 goblins
  12 kobolds
  8 rats
258 creatures vanquished.

Vanquished Creatures (collateral kills)
  A tengu warrior (D:10)
  An anaconda simulacrum (IceCv)
  A hornet (D:9)
  An ogre (Bailey)
  An orc (D:9)
  3 goblins (D:9)
  A kobold (D:10)
9 creatures vanquished.

Vanquished Creatures (others)
  47 plants (D:4)
47 creatures vanquished.

Grand Total: 314 creatures vanquished

Notes
Turn   | Place    | Note
-------+----------+-------------------------------------------
     0 | D:1      | sammy202020 the Demonspawn Berserker began the quest for
                  | the Orb.
     0 | D:1      | Reached XP level 1. HP: 18/18 MP: 1/1
    19 | D:1      | HP: 1/27 [goblin/+0 club (2)]
    24 | D:1      | Gained mutation: You sometimes gain a little power by
                  | taking damage. [demonic ancestry]
    24 | D:1      | Reached XP level 2. HP: 2/24 MP: 2/2
   258 | D:1      | Found a faded altar of an unknown god.
   259 | D:1      | Noticed a golden eye
   261 | D:1      | Noticed a golden eye
   261 | D:1      | Noticed a shining eye
   261 | D:1      | Noticed a floating eye
  1203 | D:1      | Gained mutation: Your touch may inflict minor irresistible
                  | damage on your foes. [demonic ancestry]
  1203 | D:1      | Reached XP level 3. HP: 29/29 MP: 3/3
  1594 | D:2      | Noticed Terence
  1612 | D:2      | Killed Terence
  1613 | D:2      | Gained mutation: You sometimes gain power by taking damage.
                  | [demonic ancestry]
  1613 | D:2      | Reached XP level 4. HP: 37/37 MP: 4/4
  1725 | D:2      | Reached ** piety under Trog
  2222 | D:3      | Reached skill level 1 in Unarmed Combat
  2236 | D:3      | Reached skill level 4 in Fighting
  2305 | D:3      | Noticed Sigmund
  2320 | D:3      | Killed Sigmund
  2321 | D:3      | Gained mutation: When seriously injured, your blood forms
                  | armour. (AC +12) [demonic ancestry]
  2321 | D:3      | Reached XP level 5. HP: 30/43 MP: 5/5
  2321 | D:3      | Gained mutation: You are powered by pain. [demonic
                  | ancestry]
  2321 | D:3      | Reached XP level 6. HP: 35/49 MP: 6/6
  2422 | D:3      | Found a runed translucent door.
  2423 | D:3      | Noticed Crazy Yiuf
  2502 | D:3      | Killed Crazy Yiuf
  2646 | D:3      | Noticed Robin
  2661 | D:3      | Killed Robin
  2778 | D:3      | Found an ancient bone altar of Kikubaaqudgha.
  3085 | D:4      | Found a staircase to the Ecumenical Temple.
  3118 | D:4      | Noticed Eustachio
  3161 | D:4      | Killed Eustachio
  3162 | D:4      | Reached skill level 5 in Fighting
  3162 | D:4      | Reached XP level 7. HP: 38/56 MP: 7/7
  3284 | D:4      | Found a glowing drain.
  3284 | D:4      | Noticed Menkaure
  3288 | D:4      | Killed Menkaure
  3302 | Sewer    | Entered a sewer
  3305 | Sewer    | HP: 2/56 [poisoned by a killer bee]
  3737 | Sewer    | Reached *** piety under Trog
  4078 | D:4      | Reached skill level 5 in Axes
  4507 | D:4      | Reached XP level 8. HP: 38/64 MP: 8/8
  4815 | D:4      | Noticed Dowan
  4830 | D:4      | Killed Dowan
  4830 | D:4      | Noticed Duvessa
  4831 | D:4      | Reached skill level 6 in Fighting
  4849 | D:4      | Killed Duvessa
  5438 | D:4      | Found a snail-covered altar of Cheibriados.
  5448 | D:4      | Gained mutation: Your system is resistant to poisons.
                  | (rPois) [potion of mutation]
  5448 | D:4      | Gained mutation: You have sharp toenails. [potion of
                  | mutation]
  5448 | D:4      | Gained mutation: You sometimes lose the ability to read
                  | scrolls when taking damage. [potion of mutation]
  5449 | D:4      | Lost mutation: You have sharp toenails. [potion of
                  | mutation]
  5449 | D:4      | Lost mutation: You sometimes lose the ability to read
                  | scrolls when taking damage. [potion of mutation]
  5449 | D:4      | Lost mutation: Your system is resistant to poisons. (rPois)
                  | [potion of mutation]
  5449 | D:4      | Gained mutation: You are dopey. (Int -2) [potion of
                  | mutation]
  5449 | D:4      | Gained mutation: You are agile. (Dex +2) [potion of
                  | mutation]
  5449 | D:4      | Gained mutation: You have hidden genetic defects. [potion
                  | of mutation]
  5450 | D:4      | Lost mutation: You have hidden genetic defects. [potion of
                  | mutation]
  5450 | D:4      | Lost mutation: You are agile. (Dex +2) [potion of mutation]
  5450 | D:4      | Gained mutation: You have a pair of small horns on your
                  | head. [potion of mutation]
  5450 | D:4      | Gained mutation: You have a pair of horns on your head.
                  | [potion of mutation]
  5450 | D:4      | Lost mutation: You have a pair of horns on your head.
                  | [potion of mutation]
  5507 | D:5      | Entered Level 5 of the Dungeon
  5571 | D:5      | Noticed Edmund
  5588 | D:5      | Killed Edmund
  5986 | D:5      | Lost mutation: You have a pair of small horns on your head.
                  | [potion of mutation]
  5986 | D:5      | Lost mutation: You are dopey. (Int -2) [potion of mutation]
  5986 | D:5      | Gained mutation: You sometimes lose the ability to read
                  | scrolls when taking damage. [potion of mutation]
  5986 | D:5      | Gained mutation: You have sharp toenails. [potion of
                  | mutation]
  6288 | D:5      | Reached skill level 5 in Unarmed Combat
  6542 | D:5      | Noticed Prince Ribbit
  6569 | D:5      | Killed Prince Ribbit
  6570 | D:5      | Reached skill level 7 in Fighting
  6933 | D:6      | Noticed Grinder
  6942 | D:6      | Killed Grinder
  6943 | D:6      | Gained mutation: When seriously injured, your blood forms
                  | thick armour. (AC +12) [demonic ancestry]
  6943 | D:6      | Reached XP level 9. HP: 66/72 MP: 9/9
  7365 | D:6      | Identified the +1 ring mail "Hetruqus" {rPois rF- rCorr
                  | Int+6}
  8090 | D:7      | Reached **** piety under Trog
  8515 | D:8      | Identified the +4 scale mail of Wehyogas {Str+2}
  8526 | D:8      | Reached skill level 5 in Armour
  8642 | D:8      | Reached skill level 8 in Fighting
  8871 | D:8      | Found an iron altar of Okawaru.
  9104 | D:8      | Noticed a deep elf pyromancer
  9120 | D:8      | Killed a deep elf pyromancer
  9121 | D:8      | Gained mutation: A weak demonic guardian rushes to your
                  | aid. [demonic ancestry]
  9121 | D:8      | Reached XP level 10. HP: 54/82 MP: 10/10
  9694 | D:9      | Noticed a two-headed ogre
  9702 | D:9      | Killed a two-headed ogre
  9835 | D:9      | Found a staircase to the Lair.
  9930 | D:9      | Reached skill level 9 in Fighting
 10050 | D:9      | Reached ***** piety under Trog
 10053 | D:9      | Noticed Erica
 10088 | D:9      | Killed Erica
 10258 | D:9      | Found a flagged portal.
 10267 | Bailey   | Entered a bailey
 10431 | Bailey   | Noticed a two-headed ogre
 10461 | Bailey   | Killed a two-headed ogre
 10462 | Bailey   | Reached XP level 11. HP: 26/90 MP: 11/11
 10720 | Bailey   | Identified the +1 acid dragon scales of Yqysuiji {rF+ rCorr
                  | Dex+4}
 10901 | D:9      | Found a shimmering blue altar of Sif Muna.
 10901 | D:9      | Found a sacrificial altar of Ru.
 11001 | D:9      | Identified the +7 scimitar of Modesty {vorpal, rC++ rCorr
                  | Int-2}
 11098 | D:9      | Paralysed by a hornet for 1 turns
 11497 | D:10     | Entered Level 10 of the Dungeon
 11505 | D:10     | Noticed a two-headed ogre
 11535 | D:10     | Killed a two-headed ogre
 11701 | D:10     | Noticed Maggie
 11716 | D:10     | Killed Maggie
 11717 | D:10     | Reached skill level 10 in Fighting
 12073 | D:10     | Noticed a tengu warrior
 12073 | D:10     | Noticed a tengu warrior
 12075 | D:10     | Noticed Snorg
 12084 | D:10     | Killed a tengu warrior
 12096 | D:10     | Killed Snorg
 12096 | D:10     | HP: 5/136 [tengu warrior/+0 dire flail (2)]
 12099 | D:10     | Killed a tengu warrior
 12546 | D:10     | Noticed a soul eater
 13529 | D:11     | Noticed a two-headed ogre
 13538 | D:11     | Killed a two-headed ogre
 13739 | D:11     | Found a frozen archway.
 13872 | IceCv    | Entered an ice cave
 14151 | IceCv    | Reached skill level 10 in Axes
 14505 | IceCv    | Reached skill level 11 in Fighting
 14664 | IceCv    | HP: 3/139 [anaconda simulacrum (14)]
 14838 | IceCv    | Gained mutation: When seriously injured, your blood forms
                  | very thick armour. (AC +12) [demonic ancestry]
 14838 | IceCv    | Reached XP level 12. HP: 43/100 MP: 12/12
 14897 | IceCv    | HP: 5/100 [ice devil (5)]
 14897 | IceCv    | Slain by an ice devil

Illustrated notes

Levels and vault maps discovered:
D:1:      evilmike_arrival_plus, layout_basic,
          hellmonk_ecumenical_altar_watching_god, nrook_campfire, moated_statue,
          hangedman_decor_clover_reticule
D:2:      layout_loops_ring, uniq_terence
D:3:      layout_basic, mainiacjoe_overflow_surrounded_room, uniq_robin,
          uniq_sigmund, uniq_crazy_yiuf_cottage
D:4:      layout_loops_ring, slow_altar_2, minmay_temple_entry_mini_moons,
          serial_bayou, serial_bayou_pond_d, serial_bayou_ford_a,
          serial_bayou_pond_c, serial_bayou_lake_a, portal_sewer_entry_a,
          uniq_duvessa, uniq_eustachio, uniq_menkaure
D:5:      layout_loops_cross, mainiacjoe_overflow_24_doors, uniq_edmund,
          uniq_prince_ribbit1
D:6:      layout_loops_ring, chequers_serial_rivers_small_b, abandoned_shop,
          solitary_fountain, uniq_grinder
D:7:      layout_rooms, hangedman_abyss_or_decor_passed
D:8:      layout_loops_ring, okawaru_humans
D:9:      layout_small_grid, gammafunk_temple_overflow_elements,
          lair_entry_dummy, enter_bailey_5, kennysheep_generic_room_8,
          uniq_erica
D:10:     minmay_stone_box, layout_small_grid, uniq_snorg, uniq_maggie
D:11:     layout_loops_cross, portal_ice_cave_entry_pillars_2, serial_shops,
          kennysheep_mini_moat, hangedman_decor_points
IceCv:    ice_cave_tombish

Skill      XL: |  1  2  3  4  5  6  7  8  9 10 11 |
---------------+----------------------------------+-----
Axes           | 3 4 5 6 7 8 10 | 10.2
Armour         | 2 3 4 5 6 7 |  7.2
Unarmed Combat | 2 3 4 5 6 8 9 |  9.6
Fighting       | 4 5 7 8 9 11 | 11.1
Dodging        | |  1.7

Action                   |  1- 3 |  4- 6 |  7- 9 | 10-12 || total
-------------------------+-------+-------+-------+-------++-------
Melee: Hand axe          |    85 |   154 |   332 |       ||   571
       Touch             |     3 |    24 |    90 |    55 ||   172
       Punch             |       |     2 |    25 |    19 ||    46
       Headbutt          |       |       |    15 |       ||    15
       Broad axe         |       |       |   153 |   348 ||   501
       Unarmed           |       |       |       |    19 ||    19
Throw: Dart              |     2 |       |     7 |    26 ||    35
Invok: Berserk           |     2 |       |     6 |     8 ||    16
       Trog's Hand       |       |     1 |     2 |     5 ||     8
  Use: Scroll            |       |     8 |    15 |     2 ||    25
       Potion            |       |       |     4 |     3 ||     7
 Stab: Sleeping          |     1 |       |       |       ||     1
Armor: Animal skin       |    12 |       |       |       ||    12
       Scale mail        |     7 |       |       |       ||     7
       Chain mail        |     1 |   126 |   389 |   359 ||   875
       Skin              |       |       |       |     8 ||     8
Dodge: Dodged            |    43 |    55 |   239 |   207 ||   544

Table legend: (Time is in decaauts)
 A = Elapsed time spent in this place.
 B = Non-inter-level travel time spent in this place.
 C = Inter-level travel time spent in this place.
 D = Time resting spent in this place.
 E = Time spent auto-exploring this place.
 F = Levels seen in this place.
 G = Mean time per level.
                   A        B        C        D        E       F      G
               +--------+--------+--------+--------+--------+-----+--------+
         Total |  15284 |  14972 |    312 |   2564 |   9645 |  14 | 1091.7 |
       Dungeon |  12854 |  12542 |    312 |   1536 |   8860 |  11 | 1168.5 |
         Sewer |    821 |    821 |      0 |     97 |    549 |   1 |  821.0 |
        Bailey |    535 |    535 |      0 |     97 |    235 |   1 |  535.0 |
      Ice Cave |   1073 |   1073 |      0 |    833 |      0 |   1 | 1073.0 |
               +--------+--------+--------+--------+--------+-----+--------+

Top non-repeatable levels by time:
     D:4: 1747 daAuts
    D:10: 1735 daAuts
     D:5: 1433 daAuts
     D:1: 1359 daAuts
     D:9: 1309 daAuts
     D:8: 1238 daAuts
     D:6: 1170 daAuts
   IceCv: 1073 daAuts
     D:3: 889 daAuts
     D:2: 869 daAuts
   Sewer: 821 daAuts
    D:11: 672 daAuts
  Bailey: 535 daAuts
     D:7: 428 daAuts
